 Dungeon Crawl Stone Soup version 0.22.0-18-ge075c0d (webtiles) character file.

9 KLATTERAL the Magician (level 2, -22/28 HPs)
             Began as a Human Wizard on Aug 18, 2018.
             Killed from afar by a leopard gecko (24 damage)
             ... with an exploding inner flame
             ... hexed by the player character
             ... on level 1 of the Dungeon.
             The game lasted 00:05:33 (608 turns).

KLATTERAL the Magician (Human Wizard)                Turns: 608, Time: 00:05:35

Health: -22/28     AC: 21    Str:  7    XL:     2   Next: 25%
Magic:  0/6        EV:  2    Int: 18    God:
Gold:   27         SH:  0    Dex: 11    Spells: 6/7 levels left

rFire    . . .     SeeInvis .   i - +0 dagger
rCold    . . .     Gourm    .   (no shield)
rNeg     + + +     Faith    .   (armour currently unavailable)
rPois    +         Spirit   .   (helmet currently unavailable)
rElec    .         Reflect  .   (cloak currently unavailable)
rCorr    .         Harm     .   (gloves currently unavailable)
MR       .....     NoTele   +   (boots currently unavailable)
Stlth    ++........             (no amulet)
HPRegen  0.09/turn              (no ring)
MPRegen  0.10/turn              (no ring)

@: tree-form
A: wild magic 1
a: no special abilities


You were on level 1 of the Dungeon.
You were not hungry.
You were a tree.
You visited 1 branch of the dungeon, and saw 1 of its levels.

You collected 27 gold pieces.

Inventory:

Hand Weapons
 i - a +0 dagger (weapon)
Armour
 a - a +0 robe (melded)
 b - a +0 hat (melded)
 e - a +0 pair of gloves (melded)
Scrolls
 c - a scroll of remove curse {unknown}
 h - a scroll of identify {unknown}
Comestibles
 d - a ration


   Skills:
 + Level 2.0 Dodging
 - Level 2.0 Stealth
 + Level 3.4 Spellcasting
 + Level 1.2 Conjurations
   Level 1.0 Summonings
   Level 1.0 Translocations


You had 6 spell levels left.
You knew the following spells:

 Your Spells              Type           Power        Failure   Level  Hunger
a - Magic Dart            Conj           #...         14%         1    None

Your spell library contained the following spells:

 Spells                   Type           Power        Failure   Level  Hunger
 Blink                    Tloc           N/A          22%         2    ##.....
 Call Imp                 Summ           #.......     22%         2    ##.....
 Slow                     Hex            #.......     32%         2    ##.....
 Conjure Flame            Conj/Fire      #.......     45%         3    ###....
 Mephitic Cloud           Conj/Pois/Air  #.......     45%         3    ###....


Dungeon Overview and Level Annotations

Branches:
Dungeon (1/15)

Altars:


Innate Abilities, Weirdness & Mutations

((You have a pair of small horns on your head.))
Your spells are a little harder to cast, but a little more powerful.


Message History

The leopard gecko barely misses you.
You miss the leopard gecko.
The leopard gecko is almost dead.
The leopard gecko bites you.
* * * LOW HITPOINT WARNING * * *
As you read the scroll labeled YDYXZIAXT HAFO, it crumbles to dust.
The creatures around you are filled with an inner flame!
It was a scroll of immolation.
The leopard gecko bites you but does no damage. x2
You cannot move.
Casting: Magic Dart (safe; 14% risk of failure)
Confirm with . or Enter, or press ? or * to list all spells.
Aiming: Magic Dart (safe; 14% risk of failure)
Press: ? - help, Shift-Dir - straight line, f/p - dart slug
Aim: a dart slug (severely wounded, clinging, inner flame)
The magic dart hits the leopard gecko.
The leopard gecko explodes!
The fiery explosion engulfs you!
Ouch! That really hurt!
You die...

######## #♣.w...#
#§####'## #.#.....#
#.# # ..#.....# #.#
..
#####...w.####.##.##
..............?.....
........##.#...##.##
....................
....................


You could see a dart slug (inner flame).

Vanquished Creatures
  A leopard gecko (D:1)
  A giant cockroach (D:1)
  A goblin (D:1)
  A kobold (D:1)
  3 bats (D:1)
7 creatures vanquished.

Notes
Turn   | Place    | Note
-------+----------+-------------------------------------------
     0 | D:1      | KLATTERAL the Human Wizard began the quest for the Orb.
     0 | D:1      | Reached XP level 1. HP: 13/13 MP: 4/4
   504 | D:1      | Reached XP level 2. HP: 17/19 MP: 1/6
   594 | D:1      | Gained mutation: You have a pair of small horns on your head. [potion of mutation]
   594 | D:1      | Gained mutation: Your spells are a little harder to cast, but a little more powerful. [potion of mutation]
   608 | D:1      | Killed from afar by a leopard gecko

Action                   || total
-------------------------++-------
Melee: Dagger            ||    26
 Cast: Magic Dart        ||    23
  Use: Potion            ||     3
       Scroll            ||     1
Armor: Robe              ||    12
       Skin              ||     7
Dodge: Dodged            ||    33
